 Dungeon Crawl Stone Soup version 0.19.4-10-g532645f (webtiles) character file.

2409 Ponchio the Destroyer (level 9, -8/45 HPs)
             Began as a Deep Elf Conjurer on Feb 24, 2017.
             Killed from afar by an electric eel (9 damage)
             ... with a bolt of electricity
             ... on level 6 of the Dungeon.
             The game lasted 00:44:22 (9661 turns).

Ponchio the Destroyer (Deep Elf Conjurer)           Turns: 9661, Time: 00:44:23

Health: -8/45      AC:  4    Str:  6 (7)  XL:     9   Next: 23%
Magic:  22/24      EV: 13    Int: 24      God:
Gold:   382        SH:  0    Dex: 15      Spells: 3 memorised, 17 levels left

rFire  . . .     SeeInvis .     i - +5 dagger
rCold  + . .     Gourm    .     a - +0 robe
rNeg   . . .     Faith    .     (no shield)
rPois  .         Spirit   .     (no helmet)
rElec  .         Reflect  .     (no cloak)
rCorr  .         Harm     .     (no gloves)
MR     +....                    (no boots)
Stlth  ++........               (no amulet)
                                n - ring of protection from cold
                                o - +2 ring of strength

@: no status effects
A: thin metallic scales 1, magic resistance 1
a: no special abilities


You were on level 6 of the Dungeon.
You were very hungry.

You visited 2 branches of the dungeon, and saw 7 of its levels.

You collected 382 gold pieces.

Inventory:

Hand Weapons
 d - a +0 short sword
 i - a +5 dagger (weapon)
Armour
 a - a +0 robe (worn)
Jewellery
 n - a ring of protection from cold (right hand)
 o - a +2 ring of strength (left hand)
Scrolls
 j - 3 scrolls of remove curse
 s - a scroll of blinking
 u - a scroll of teleportation
Potions
 e - a potion of agility
 g - a potion of might
 m - a potion of cure mutation
 p - a potion of resistance
 q - a potion of brilliance {unknown}
 r - 3 potions of heal wounds
 t - 3 potions of berserk rage {unknown}
Books
 b - a book of Conjurations

   Spells                             Type                      Level
   a - Magic Dart                     Conjuration                  1
   b - Searing Ray                    Conjuration                  2
   c - Dazzling Spray                 Conjuration/Hexes            3
   d - Fulminant Prism                Conjuration/Hexes            4
   e - Iskenderun's Mystic Blast      Conjuration                  4
   f - Iskenderun's Battlesphere      Conjuration/Charms           5
Comestibles
 c - 12 bread rations
 f - 2 meat rations
 l - a fruit


   Skills:
 - Level 2.4 Dodging
 - Level 2.4 Stealth
 + Level 9.4 Spellcasting
 * Level 9.4 Conjurations
 - Level 3.2 Hexes
 + Level 9.2 Charms


You had 17 spell levels left.
You knew the following spells:

 Your Spells              Type           Power        Failure   Level  Hunger
a - Magic Dart            Conj           ####         1%          1    None
b - Dazzling Spray        Conj/Hex       #####.       1%          3    None
c - Iskenderun's Battles  Conj/Chrm      ######..     3%          5    ####...


Dungeon Overview and Level Annotations

Branches:
Dungeon (6/15)             Temple (1/1) D:5

Altars:
Ashenzari
Cheibriados
Dithmenos
Elyvilon
Fedhas
Gozag
Hepliaklqana
Kikubaaqudgha
Makhleb
Okawaru
Qazlal
Ru
Trog
Uskayaw
Xom
Yredelemnul
Zin
The Shining One

Portals:
Abyss: D:1***


Innate Abilities, Weirdness & Mutations

You are partially covered in thin metallic scales. (AC +2)
You are resistant to hostile enchantments. (MR+)


Message History

Confirm with . or Enter, or press ? or * to list all spells.
Aiming: Magic Dart
Press: ? - help, Shift-Dir - straight line, f - electric eel
Aim: an electric eel (water)
The magic dart hits the electric eel.
The electric eel is moderately wounded.
Your battlesphere fires!
The barrage of energy hits the electric eel.
The electric eel is almost dead.
The electric eel shoots out a bolt of lightning at you!
The bolt of electricity hits the plant.
The bolt of electricity hits your battlesphere.
Your battlesphere completely resists.
The bolt of electricity hits you!
* * * LOW HITPOINT WARNING * * *
The bolt of electricity hits you!
* * * LOW HITPOINT WARNING * * *
The electric eel shoots out a bolt of lightning at you!
The bolt of electricity hits the plant. x2; The bolt of electricity hits you!
You die...

#.# #.##≈≈....##≈#
#.# #.#≈≈.≈P...#≈#
#.# #.#≈.(≈....#.#
#.# #.#≈≈.≈P..'#.#
#.#####≈##≈.≈...#..#
#...##≈##########.##
#####.#≈##≈%)P..##≈≈#
......#≈#≈;(PP...#≈##
.###..#.#≈.;P*..@#≈#
.# #..#)#≈;.....'#.#
####..#'##≈)≈P..#..#
...#.....########)##
#.##............###
#.##.###############
#.##....)..........#
#.################.#
..#....# #######.#


You could see 3 electric eels and a friendly battlesphere.

Vanquished Creatures
  Prince Ribbit (D:5)
  A hippogriff (D:5)
  Edmund (D:6)
  An ice beast (D:6)
  An orc warrior (D:6)
  A sky beast (D:6)
  A centaur (D:6)
  4 ogres (D:6)
  4 bullfrogs
  2 scorpions
  2 howler monkeys
  3 electric eels (D:6)
  A crimson imp (D:4)
  A centaur skeleton (D:5)
  4 hounds
  2 orc wizards
  2 orc priests
  Ijyb (D:3)
  3 worker ants (D:4)
  7 gnolls
  6 adders (D:3)
  An adder zombie (D:6)
  An adder skeleton (D:6)
  3 worms
  5 dart slugs
  4 leopard geckos
  20 orcs
  A ball python (D:1)
  9 bats
  8 giant cockroaches
  5 hobgoblins
  20 jackals
  A quokka (D:3)
  4 frilled lizards
  9 goblins
  A jackal skeleton (D:5)
  11 kobolds
  11 rats
163 creatures vanquished.

Notes
Turn   | Place    | Note
-------+----------+-------------------------------------------
     0 | D:1      | Ponchio the Deep Elf Conjurer began the quest for the Orb.
     0 | D:1      | Reached XP level 1. HP: 10/10 MP: 6/6
   312 | D:1      | Reached XP level 2. HP: 15/15 MP: 5/8
   648 | D:1      | Reached skill level 5 in Conjurations
   842 | D:2      | Reached XP level 3. HP: 19/19 MP: 1/10
  1635 | D:2      | Reached XP level 4. HP: 24/24 MP: 9/12
  1680 | D:2      | Learned a level 3 spell: Dazzling Spray
  1752 | D:3      | Reached skill level 1 in Hexes
  2233 | D:3      | Reached skill level 5 in Spellcasting
  2427 | D:3      | Reached XP level 5. HP: 28/28 MP: 5/14
  2535 | D:3      | Found a hazy altar of Hepliaklqana.
  2756 | D:3      | Noticed Ijyb
  2763 | D:3      | Killed Ijyb
  2781 | D:3      | Learned a level 5 spell: Iskenderun's Battlesphere
  2924 | D:3      | Reached skill level 1 in Charms
  3115 | D:2      | Found a bloodstained altar of Trog.
  3147 | D:3      | Reached XP level 6. HP: 32/32 MP: 12/17
  3608 | D:3      | Gained mutation: You evolve. [potion of beneficial mutation]
  4346 | D:4      | Reached skill level 5 in Charms
  5275 | D:4      | Reached XP level 7. HP: 18/36 MP: 18/18
  5476 | D:4      | Gained mutation: Scrolls take you a little longer to read. [potion of mutation]
  5476 | D:4      | Gained mutation: You are partially covered in thin metallic scales. (AC +2) [potion of mutation]
  5482 | D:5      | Entered Level 5 of the Dungeon
  5544 | D:5      | Gained mutation: Your magical capacity is low. (-10% MP) [evolution]
  5704 | D:5      | Noticed a hippogriff
  5709 | D:5      | Killed a hippogriff
  6598 | D:5      | Found a staircase to the Ecumenical Temple.
  6609 | Temple   | Entered the Ecumenical Temple
  7118 | D:5      | Reached XP level 8. HP: 36/41 MP: 11/19
  8076 | D:6      | Gained mutation: Your muscles are strong. (Str +2) [potion of mutation]
  8076 | D:6      | Gained mutation: You are resistant to hostile enchantments. (MR+) [potion of mutation]
  8078 | D:6      | Lost mutation: You evolve. [potion of cure mutation]
  8078 | D:6      | Lost mutation: Scrolls take you a little longer to read. [potion of cure mutation]
  8078 | D:6      | Lost mutation: Your muscles are strong. (Str +2) [potion of cure mutation]
  8078 | D:6      | Lost mutation: Your magical capacity is low. (-10% MP) [potion of cure mutation]
  8109 | D:6      | Noticed Prince Ribbit
  8439 | D:5      | Killed Prince Ribbit
  8858 | D:6      | Noticed Edmund
  8863 | D:6      | Killed Edmund
  8863 | D:6      | Reached XP level 9. HP: 45/45 MP: 8/24
  8966 | D:6      | Found a shadowy altar of Dithmenos.
  9661 | D:6      | HP: 1/45 [electric eel/bolt of electricity (9)]
  9661 | D:6      | Killed from afar by an electric eel

Skill      XL: |  1  2  3  4  5  6  7  8  9 |
---------------+----------------------------+-----
Conjurations   | 5 6 8 9 |  9.4
Spellcasting   | 4 5 6 7 9 |  9.4
Hexes          | 2 3 |  3.2
Charms         | 2 5 7 8 9 |  9.2
Dodging        | |  2.4
Stealth        | |  2.4

Action                   |  1- 3 |  4- 6 |  7- 9 || total
-------------------------+-------+-------+-------++-------
Melee: Short sword       |     5 |    24 |       ||    29
       Dagger            |       |    37 |    14 ||    51
 Cast: Magic Dart        |   108 |   112 |    91 ||   311
       Dazzling Spray    |       |    50 |    58 ||   108
       Iskenderun's Batt |       |       |    10 ||    10
  Use: Scroll            |       |    11 |     6 ||    17
       Potion            |       |     1 |     7 ||     8
 Stab: Sleeping          |       |     2 |       ||     2
       Invisible         |       |     4 |       ||     4
  Eat: Chunk             |     2 |    11 |    13 ||    26
       Fruit             |       |     1 |     1 ||     2
       Beef jerky        |       |       |     1 ||     1
Armor: Robe              |     4 |     4 |     6 ||    14
Dodge: Dodged            |    11 |    56 |    62 ||   129
